 Dungeon Crawl Stone Soup version 0.26-a0-651-gb41185065b (webtiles) character file.

Game seed: 1253327829773723433

(classic levelgen) 308176 EnegeticOcto the Champion of Chaos (level 19, -6/193 HPs)
             Began as a Deep Dwarf Fighter on Sept 30, 2020.
             Was the Champion of Makhleb.
             Mangled by an Orb Guardian (7 damage)
             ... on level 5 of the Realm of Zot.
             The game lasted 00:18:12 (17933 turns).

EnegeticOcto the Champion of Chaos (DDFi)          Turns: 17933, Time: 00:18:12

Health: -6/193     AC: 26    Str: 32    XL:     19   Next: 95%
Magic:  10/10      EV:  6    Int:  4    God:    Makhleb [******]
Gold:   191        SH: 15    Dex: 12    Spells: 18/18 levels left

rFire    + + .     SeeInvis .   a - +7 broad axe (elec)
rCold    + . .     Faith    +   c - +0 kite shield
rNeg     + . .     Spirit   .   K - +0 storm dragon scales
rPois    .         Reflect  .   l - +2 helmet
rElec    +         Harm     +   L - +2 cloak "Efuu" {Harm rF++ Str+3 Int-4}
rCorr    .         Rampage  .   o - +2 pair of gloves
MR       ++...                  J - +0 pair of boots
Stlth    ..........             N - amulet of faith
HPRegen  0.00/turn              j - +4 ring of protection
MPRegen  0.12/turn              g - ring of protection from cold

@: corroded, non-regenerating, hasted, constricted, very quick
A: damage resistance, heal wounds, negative energy resistance 1, sense
surroundings 3, no regeneration
}: 3/15 runes: serpentine, barnacled, abyssal
a: Heal Wounds, Minor Destruction, Lesser Servant of Makhleb, Major Destruction,
Greater Servant of Makhleb, Renounce Religion


You were on level 5 of the Realm of Zot.
You worshipped Makhleb.
Makhleb was exalted by your worship.
You visited 8 branches of the dungeon, and saw 40 of its levels.
You visited the Abyss 1 time.

You collected 2903 gold pieces.
You spent 2712 gold pieces at shops.

Inventory:

Hand Weapons
 a - a +7 broad axe of electrocution (weapon)
 r - a +2 short sword of distortion
Missiles
 B - 3 throwing nets (quivered)
Armour
 c - a +0 kite shield (worn)
 l - a +2 helmet (worn)
 o - a +2 pair of gloves (worn)
 I - a +1 cloak of poison resistance
 J - a +0 pair of boots (worn)
 K - +0 storm dragon scales (worn)
 L - the +2 cloak "Efuu" (worn) {Harm rF++ Str+3 Int-4}
   (You found it on level 4 of the Snake Pit)

   It affects your strength (+3).
   It affects your intelligence (-4).
   It greatly protects you from fire.
   It increases damage dealt and taken.
 Q - a +2 plate armour of cold resistance
 V - a +0 crystal plate armour
Jewellery
 g - a ring of protection from cold (right hand)
 j - a +4 ring of protection (left hand)
 y - an uncursed ring of see invisible
 N - an amulet of faith (around neck)
 P - an uncursed ring of protection from fire {unknown}
 T - an uncursed amulet of the acrobat
Wands
 q - a wand of iceblast (18) {@v2}
 t - a wand of paralysis (15)
 A - a wand of disintegration (22)
 D - a wand of digging (4) {@v3}
 O - a wand of acid (6) {@v1}
Scrolls
 b - 2 scrolls of blinking
 e - 8 scrolls of teleportation {@r3}
 h - 2 scrolls of fog
 p - a scroll of fear
 s - a scroll of immolation {@r4}
 x - 5 scrolls of remove curse {@r2}
 C - 2 scrolls of identify {@r1}
 R - a scroll of holy word
Potions
 d - 3 potions of might {@q3}
 f - 6 potions of curing {@q1}
 i - 3 potions of mutation
 m - 13 potions of heal wounds {@q2}
 n - 3 potions of ambrosia
 u - 4 potions of stabbing {@q5}
 v - 2 potions of magic
 w - a potion of invisibility
 E - a potion of lignification {unknown}
 F - a potion of cancellation
 G - 2 potions of flight
 H - 5 potions of resistance {@q6}
Miscellaneous
 z - a condenser vane (2/2)
 M - a box of beasts (3/3)


   Skills:
 * Level 17.2 Fighting
 - Level 18.0 Axes
 + Level 17.0 Armour
 - Level 15.0 Shields
 + Level 18.5 Invocations
 - Level 10.0 Evocations


You had 18 spell levels left.
You didn't know any spells.
Your spell library was empty.

Dungeon Overview and Level Annotations

Branches:
Dungeon (15/15)            Temple (1/1) D:6            Lair (4/6) D:11
 Shoals (4/4) Lair:4        Snake (4/4) Lair:4          Orc (2/2) D:12
    Elf (0/3) Orc:2        Depths (5/5) D:15            Zot (5/5) Depths:5
 Vaults: D:13-14

Altars:
Ashenzari
Dithmenos
Fedhas
Gozag
Hepliaklqana
Kikubaaqudgha
Makhleb
Nemelex Xobeh
Okawaru
Ru
Uskayaw
Vehumet
Yredelemnul
Zin
The Shining One

Shops:
D:5 (   Orc:2 *(([   Shoals:4 *   Snake:4 !   Depths:4 *}!=

Portals:
Hell: Depths:2


Innate Abilities, Weirdness & Mutations

You are resistant to damage.
You can heal yourself by infusing magical energy.
You resist negative energy. (rN+)
You passively map a large area around you.
You do not regenerate.


Message History

An Orb Guardian and a tentacled monstrosity come into view.
The Orb Guardian hits you!
A yellow draconian monk comes into view.
The Orb Guardian hits you!
You miss the Orb Guardian.
The Orb Guardian is moderately wounded.
The yellow draconian monk roars!
You slice the Orb Guardian!!
Lightning courses through the Orb Guardian!
You hit the Orb Guardian but do no damage.
You block the Orb Guardian's attack. The Orb Guardian hits you!! x2
You hit the Orb Guardian but do no damage.
Lightning courses through the Orb Guardian!
The Orb Guardian is severely wounded.
You slash the Orb Guardian! You closely miss the Orb Guardian. x2
The Orb Guardian barely misses you.
The yellow draconian monk throws acid at you.
The glob of acid hits you but does no damage.
The acid corrodes you!
You are splashed with acid!
The Orb Guardian hits you but does no damage.
The Orb Guardian hits you!!
* * * LOW HITPOINT WARNING * * *
You hear a roar! x2
You are too injured to fight recklessly!
You are too injured to fight recklessly!
You are too injured to fight recklessly!
You are too injured to fight recklessly!
You are too injured to fight recklessly!
You are too injured to fight recklessly!
You are too injured to fight recklessly!
You are too injured to fight recklessly!
You are too injured to fight recklessly!
You are too injured to fight recklessly!
You are too injured to fight recklessly!
You are too injured to fight recklessly!
You are too injured to fight recklessly!
You are too injured to fight recklessly!
You are too injured to fight recklessly!
You are too injured to fight recklessly!
You feel much better. You block the Orb Guardian's attack.
The Orb Guardian barely misses you. The Orb Guardian hits you.
The Orb Guardian hits you but does no damage.
You block the Orb Guardian's attack.
The Orb Guardian hits you but does no damage.
Your magical essence is drained by the effort!
You feel much better. The Orb Guardian hits you. x2
You block the Orb Guardian's attack. The Orb Guardian hits you.
The Orb Guardian barely misses you. The Orb Guardian hits you!
You block the Orb Guardian's attack. x3
The Orb Guardian hits you!!
* * * LOW HITPOINT WARNING * * *
Your magical essence is drained by the effort!
You feel much better. The Orb Guardian hits you.
The Orb Guardian hits you but does no damage.
The Orb Guardian hits you!!
* * * LOW HITPOINT WARNING * * *
The yellow draconian monk throws acid at you.
The glob of acid hits you!
* * * LOW HITPOINT WARNING * * *
The acid corrodes you!
You are splashed with acid!
* * * LOW HITPOINT WARNING * * *
The Orb Guardian closely misses you. You block the Orb Guardian's attack.
You feel much better. The Orb Guardian closely misses you.
A red draconian annihilator comes into view.
It is wielding a +0 whip.
The Orb Guardian hits you but does no damage.
You block the tentacled monstrosity's attack.
The tentacled monstrosity tentacle-slaps you.
The tentacled monstrosity tentacle-slaps you but does no damage.
The tentacled monstrosity barely misses you.
You feel much better. You block the Orb Guardian's attack.
The Orb Guardian hits you.
* * * LOW HITPOINT WARNING * * *
The Orb Guardian hits you but does no damage.
The tentacled monstrosity tentacle-slaps you but does no damage. x2
The tentacled monstrosity tentacle-slaps you.
The tentacled monstrosity grabs you.
* * * LOW HITPOINT WARNING * * *
The tentacled monstrosity constricts you!
The Orb Guardian hits you but does no damage.
You feel much better. The Orb Guardian hits you!
You block the Orb Guardian's attack.
A white draconian comes into view. It is wielding a +0 halberd.
You block the Orb Guardian's attack. The Orb Guardian barely misses you.
The tentacled monstrosity tentacle-slaps you but does no damage. x3
The tentacled monstrosity constricts you.
You feel much better. You block the Orb Guardian's attack.
The Orb Guardian hits you!! You block the Orb Guardian's attack. x2
The tentacled monstrosity tentacle-slaps you but does no damage. x2
The tentacled monstrosity tentacle-slaps you.
* * * LOW HITPOINT WARNING * * *
x2 The tentacled monstrosity constricts you!
You feel yourself speed up. The Orb Guardian hits you!!
* * * LOW HITPOINT WARNING * * *
The Orb Guardian hits you!
* * * LOW HITPOINT WARNING * * *
You block the Orb Guardian's attack.
A black draconian comes into view. It is wielding a +0 glaive.
The Orb Guardian hits you!
You die...

,,,,,,,,,,*#....## **,,,,
,,,^,,,,,,,###.(.##########*,,,**
,,,,,,,,,,,,*##..........).,,,***
,,,,,,,,,,,,* ##...........,,** *
,,,,,,,,,,,,* #...........,,* *
,,,,,,,,,,,,* ##..........,** *
,,,,,,,,,,,,* #X.........,* *
,,,,,,,,^,,,* ##X.........,** *
,,,,,,,,,,,** #@XX........,,* *
,,,,,,,,,,** *#XX..q......,,**
,,,,,,,,,** *.q?.^.......,,,*
**************########d####******
,,,*****,**^,,,,,,**,,.d.,,,,,*,,
,,,*,,,*,*,,,,,,,,,+,*,..*,,,**,,
*,**,*,,,+,,,,,,,,,*,,****,***,,,
,,*,,*,,,*,,,,,,,,,+,,,,*,,,,*,,,
*,,,,******,,,,,,,***,***⌠,,,,,,,


You could see a tentacled monstrosity, a yellow draconian monk, a black
draconian, a white draconian, 5 Orb Guardians and a red draconian annihilator.

Vanquished Creatures
  A Killer Klown (Zot:4)
  Vashnia (Snake:3)
  4 golden dragons
  2 bone dragons
  A lich (Depths:3)
  Rupert (Lair:4)
  3 tentacled monstrosities
  2 deep elf blademasters (Abyss:5)
  A quicksilver dragon (Zot:2)
  Gastronok (D:12)
  A sphinx (Depths:5)
  3 death cobs
  Polyphemus (Shoals:4)
  3 draconian monks
  7 storm dragons
  4 shadow dragons
  A thorn hunter (Abyss:5)
  6 nagarajas
  2 fire giants
  Ilsuiw (Shoals:4)
  A draconian knight (Zot:3)
  2 deep elf sorcerers (Abyss:5)
  A frost giant (Depths:4)
  2 draconian scorchers (Zot:4)
  A draconian stormcaller (Zot:2)
  3 draconian annihilators
  6 very ugly things
  3 green draconians (Zot:4)
  3 black draconians
  2 purple draconians
  10 white draconians
  6 red draconians
  5 merfolk javelineers (Shoals:4)
  A dire elephant (Abyss:5)
  Snorg (D:10)
  3 ettins
  2 great orbs of eyes
  6 merfolk impalers (Shoals:4)
  2 fire dragons
  2 ogre magi
  Fannar (Orc:1)
  A yaktaur captain (Depths:5)
  2 rakshasas (Abyss:5)
  4 ice dragons
  11 naga warriors
  A spriggan air mage (Depths:3)
  9 anacondas
  2 satyrs (Abyss:5)
  13 two-headed ogres
  8 hydras
  7 merfolk aquamancers
  Erica (Orc:1)
  2 catoblepae
  13 death yaks
  A death knight (D:14)
  6 centaur warriors
  2 deep troll shamans
  A deep troll earth mage (Depths:2)
  3 spriggan berserkers
  2 tengu warriors
  An orc high priest (Orc:2)
  Sonja (Orc:1)
  Urug (Orc:1)
  6 shock serpents
  2 spriggans
  14 naga sharpshooters
  2 wretched stars (Abyss:5)
  10 skeletal warriors
  2 salamander mystics (Snake:4)
  2 sea snakes (shapeshifter)
  10 sea snakes
  9 naga ritualists
  2 unseen horrors
  6 deep trolls
  3 glowing orange brains
  2 wizards (Depths:2)
  Pikel (D:5)
  A wolf spider zombie (D:14)
  2 orc knights
  9 harpies
  18 ugly things
  8 salamanders
  10 cyclopes
  A necromancer (D:14)
  A slime creature (D:15)
  6 moths of wrath
  3 worldbinders (Abyss:5)
  10 mana vipers
  A salamander (shapeshifter) (D:13)
  10 manticores
  A faun (Shoals:2)
  A wolf spider (D:15)
  2 merfolk sirens (Shoals:4)
  6 guardian serpents
  20 black mambas
  Psyche (D:8)
  5 cane toads
  5 water nymphs
  7 naga magi
  2 gargoyles
  Joseph (D:8)
  A kobold demonologist (D:15)
  A rime drake (Lair:4)
  12 yaktaurs
  4 komodo dragons
  2 freezing wraiths (D:14)
  A tengu conjurer (Depths:3)
  A harpy zombie (D:14)
  A polar bear (Lair:4)
  3 hornets
  A wind drake (shapeshifter) (Depths:2)
  19 merfolk
  8 blink frogs
  Grinder (D:3)
  12 trolls
  8 hippogriffs
  4 raiju (Abyss:4)
  2 wind drakes (Shoals:4)
  A small abomination (Abyss:4)
  3 dream sheep (Shoals:2)
  5 snapping turtles
  A large abomination (Abyss:5)
  5 water elementals
  3 wyverns
  A centaur simulacrum (D:15)
  A shadow (D:11)
  Eustachio (D:5)
  2 wraiths
  9 yaks
  2 vampires
  Grum (D:11)
  2 vampire mosquitoes (D:14)
  A steam dragon (D:9)
  2 wargs
  A soldier ant (shapeshifter) (D:15)
  2 insubstantial wisps (D:9)
  40 nagas
  Duvessa (D:7)
  10 water moccasins
  4 porcupines
  17 orc warriors
  An ice beast (D:6)
  A phantom (D:11)
  4 sky beasts
  A black bear (D:10)
  A necrophage (D:14)
  32 ogres
  An eye of draining (D:14)
  5 boggarts
  4 wolves (D:11)
  12 centaurs
  6 crocodiles
  2 lemures (D:5)
  A big kobold (D:9)
  Blork the orc (D:5)
  11 bullfrogs
  Dowan (D:7)
  3 scorpions
  9 wights
  7 electric eels
  8 howler monkeys
  2 bullfrog zombies
  2 centaur zombies
  2 quasits
  8 hounds
  9 orc priests
  3 jellies
  7 centaur skeletons
  An iron imp (Abyss:4)
  2 bullfrog skeletons
  Jessica (D:3)
  3 iguanas
  25 orc wizards
  9 worker ants
  A hound zombie (D:10)
  A hound skeleton (D:10)
  A worker ant zombie (D:9)
  15 adders
  3 white imps
  An ufetubus (D:5)
  2 oozes
  3 adder zombies
  An adder skeleton (D:4)
  2 worms
  A dart slug (D:4)
  87 orcs
  6 giant cockroaches
  3 goblins
  3 hobgoblins
  7 jackals (D:4)
  3 quokkas
  2 ball pythons (Lair:4)
  A bat (D:3)
  A frilled lizard (D:3)
  A jackal skeleton (D:4)
  5 kobolds
  A leopard gecko skeleton (D:5)
  A rat (D:3)
936 creatures vanquished.

Vanquished Creatures (collateral kills)
  A nagaraja (Snake:4)
  A stone giant (Depths:2)
  A rakshasa (Depths:2)
  A naga warrior (Snake:4)
  An ogre mage (Orc:2)
  A hell knight (Depths:2)
  A harpy (Shoals:4)
  2 mana vipers (Snake:4)
  A moth of wrath (Zot:4)
  A worldbinder (Abyss:5)
  2 guardian serpents (Snake:4)
  A naga mage (Snake:4)
  3 black mambas (Snake:4)
  A water nymph (Abyss:5)
  3 merfolk (Shoals:4)
  A naga (Snake:4)
  An orc warrior (Orc:2)
  An ogre (Orc:2)
24 creatures vanquished.

Vanquished Creatures (others)
  A fire dragon (Depths:5)
  2 water elementals
  A yak (D:14)
  A naga (Snake:4)
  11 fungi
  28 plants
44 creatures vanquished.

Grand Total: 1004 creatures vanquished

Notes
Turn   | Place    | Note
-------+----------+-------------------------------------------
     0 | D:1      | EnegeticOcto the Deep Dwarf Fighter began the quest for the
                  | Orb.
     0 | D:1      | Reached XP level 1. HP: 20/20 MP: 1/1
   128 | D:3      | Reached XP level 2. HP: 18/27 MP: 2/2
   292 | D:3      | Found an iron altar of Okawaru.
   292 | D:3      | Found an ancient bone altar of Kikubaaqudgha.
   293 | D:3      | Found a glowing silver altar of Zin.
   296 | D:3      | Reached XP level 3. HP: 21/33 MP: 3/3
   383 | D:3      | Noticed Jessica
   390 | D:3      | Killed Jessica
   415 | D:3      | Noticed Grinder
   431 | D:3      | Killed Grinder
   431 | D:3      | Reached XP level 4. HP: 19/43 MP: 4/4
   431 | D:3      | Reached XP level 5. HP: 22/49 MP: 5/5
   473 | D:4      | Reached XP level 6. HP: 53/57 MP: 6/6
   574 | D:4      | Reached skill level 5 in Axes
   606 | D:4      | Reached XP level 7. HP: 41/64 MP: 7/7
   676 | D:4      | Reached skill level 5 in Armour
   696 | D:4      | Reached skill level 5 in Shields
  1026 | D:5      | Entered Level 5 of the Dungeon
  1383 | D:5      | Noticed Pikel
  1408 | D:5      | Killed Pikel
  1408 | D:5      | Reached XP level 8. HP: 62/73 MP: 5/5
  1433 | D:5      | Noticed Eustachio
  1465 | D:5      | Killed Eustachio
  1465 | D:5      | Reached skill level 5 in Fighting
  1566 | D:5      | Found a broken altar of Ashenzari.
  1569 | D:5      | Noticed Blork the orc
  1578 | D:5      | Killed Blork the orc
  1598 | D:5      | Found Ciocep's Antique Weapon Shop.
  2089 | D:6      | Gained mutation: You passively map the area around you.
                  | [Deep Dwarf growth]
  2089 | D:6      | Reached XP level 9. HP: 54/81 MP: 6/6
  2192 | D:6      | Found a blossoming altar of Fedhas.
  2316 | D:6      | Found a staircase to the Ecumenical Temple.
  2325 | Temple   | Entered the Ecumenical Temple
  2382 | Temple   | Became a worshipper of Makhleb the Destroyer
  3042 | D:7      | Reached skill level 1 in Invocations
  3250 | D:5      | Bought a runed broad axe for 154 gold pieces
  3381 | D:7      | Noticed a cyan ugly thing
  3390 | D:7      | Reached * piety under Makhleb
  3392 | D:7      | Killed a cyan ugly thing
  3597 | D:7      | Found a sacrificial altar of Ru.
  3604 | D:7      | Noticed Duvessa
  3604 | D:7      | Noticed Dowan
  3609 | D:7      | Killed Duvessa
  3611 | D:7      | Killed Dowan
  4215 | D:8      | Noticed Joseph
  4223 | D:8      | Paralysed by Joseph for 3 turns
  4228 | D:8      | Killed Joseph
  4519 | D:8      | Reached XP level 10. HP: 65/92 MP: 9/9
  4681 | D:8      | Noticed Psyche
  4694 | D:8      | Paralysed by Psyche for 7 turns
  4703 | D:8      | Killed Psyche
  4703 | D:8      | Reached skill level 10 in Axes
  4875 | D:9      | Noticed a two-headed ogre
  4884 | D:9      | Killed a two-headed ogre
  4884 | D:9      | Reached skill level 5 in Invocations
  4921 | D:9      | Reached ** piety under Makhleb
  5231 | D:9      | Noticed a two-headed ogre
  5241 | D:9      | Killed a two-headed ogre
  5318 | D:9      | Got a crude war axe
  5319 | D:9      | Identified the +0 war axe of Dissent {pain, MP+9} (You
                  | found it on level 9 of the Dungeon)
  5874 | D:10     | Entered Level 10 of the Dungeon
  6053 | D:10     | Reached XP level 11. HP: 88/100 MP: 11/11
  6129 | D:10     | Noticed a two-headed ogre
  6138 | D:10     | Killed a two-headed ogre
  6454 | D:10     | Noticed Snorg
  6471 | D:10     | Killed Snorg
  6580 | D:11     | Found a staircase to the Lair.
  6584 | D:11     | Noticed an unseen horror
  6609 | D:11     | Killed an unseen horror
  6609 | D:11     | Reached *** piety under Makhleb
  6693 | D:11     | Noticed a six-headed hydra
  6701 | D:11     | Killed a 12-headed hydra
  6846 | D:11     | Noticed a two-headed ogre
  6855 | D:11     | Killed a two-headed ogre
  6876 | D:11     | Noticed Grum
  6887 | D:11     | Killed Grum
  6910 | D:11     | Noticed an eight-headed hydra
  6925 | D:11     | Killed a 14-headed hydra
  6928 | D:11     | Noticed a green ugly thing
  6931 | D:11     | Noticed a white ugly thing
  6942 | D:11     | Killed a white ugly thing
  6949 | D:11     | Killed a white ugly thing
  7202 | D:12     | Noticed a skeletal warrior
  7203 | D:12     | Noticed a skeletal warrior
  7205 | D:12     | Noticed a skeletal warrior
  7205 | D:12     | Noticed a skeletal warrior
  7206 | D:12     | Noticed a skeletal warrior
  7214 | D:12     | Killed a skeletal warrior
  7214 | D:12     | Reached XP level 12. HP: 89/111 MP: 12/12
  7233 | D:12     | Reached skill level 10 in Armour
  7235 | D:12     | Reached skill level 10 in Shields
  7292 | D:12     | Reached **** piety under Makhleb
  7491 | D:12     | Noticed Gastronok
  7512 | D:12     | Killed Gastronok
  7546 | D:12     | Found a staircase to the Orcish Mines.
  7886 | D:11     | Reached skill level 1 in Evocations
  7975 | Orc:1    | Entered Level 1 of the Orcish Mines
  7977 | Orc:1    | Noticed Sonja
  7987 | Orc:1    | Killed Sonja
  8001 | Orc:1    | Noticed Erica
  8013 | Orc:1    | Killed Erica
  8088 | Orc:1    | Noticed Fannar
  8102 | Orc:1    | Killed Fannar
  8272 | Orc:1    | Reached ***** piety under Makhleb
  8445 | Orc:1    | Noticed Urug
  8460 | Orc:1    | Killed Urug
  8460 | Orc:1    | Reached skill level 10 in Invocations
  8647 | Orc:2    | Entered Level 2 of the Orcish Mines
  8690 | Orc:2    | Noticed an orc high priest
  8698 | Orc:2    | Reached XP level 13. HP: 75/121 MP: 13/13
  8722 | Orc:2    | Found a staircase to the Elven Halls.
  9012 | Orc:2    | Noticed an ettin
  9038 | Orc:2    | Killed an ettin
  9104 | Orc:2    | Reached skill level 5 in Evocations
  9145 | Orc:2    | Found Aleedefagi's Antique Weapon Boutique.
  9146 | Orc:2    | Found Yqerches's General Store.
  9158 | Orc:2    | Found Casuc's Armour Shoppe.
  9224 | Orc:2    | Found Kefou's Antique Weapon Shop.
  9233 | Orc:2    | Bought a potion of cancellation for 120 gold pieces
  9233 | Orc:2    | Bought a scroll of enchant armour for 112 gold pieces
  9233 | Orc:2    | Bought a scroll of enchant armour for 112 gold pieces
  9233 | Orc:2    | Bought a potion of resistance for 150 gold pieces
  9233 | Orc:2    | Bought a scroll of magic mapping for 52 gold pieces
  9367 | Lair:1   | Entered Level 1 of the Lair of Beasts
 10325 | Lair:3   | Reached skill level 15 in Axes
 10856 | Lair:4   | Found a staircase to the Snake Pit.
 10870 | Lair:4   | Gained mutation: You resist negative energy. (rN+) [Deep
                  | Dwarf growth]
 10870 | Lair:4   | Reached XP level 14. HP: 130/130 MP: 15/15
 11004 | Lair:4   | Reached skill level 10 in Fighting
 11287 | Lair:4   | Found a staircase to the Shoals.
 11301 | Lair:4   | Identified the +1 battleaxe of Fuc Nuir {vorpal, rF+ Dex+3}
 11390 | Lair:4   | Noticed Rupert
 11396 | Lair:4   | Reached ****** piety under Makhleb
 11410 | Lair:4   | Killed Rupert
 12765 | D:15     | Entered Level 15 of the Dungeon
 12907 | D:15     | Reached XP level 15. HP: 89/140 MP: 15/15
 12913 | D:15     | Found a staircase to the Depths.
 13254 | D:15     | Identified the +1 ring mail "Ochubra" {*Slow rF+ SInv}
 13753 | Snake:1  | Entered Level 1 of the Snake Pit
 13871 | Snake:2  | Noticed a nagaraja
 13897 | Snake:2  | Killed a nagaraja
 14003 | Snake:3  | Noticed a nagaraja
 14004 | Snake:3  | Noticed Vashnia
 14033 | Snake:3  | Killed a nagaraja
 14115 | Snake:3  | Killed Vashnia
 14115 | Snake:3  | Reached skill level 10 in Evocations
 14161 | Snake:3  | Noticed a nagaraja
 14181 | Snake:3  | Killed a nagaraja
 14291 | Snake:3  | Reached XP level 16. HP: 115/150 MP: 0/17
 14437 | Snake:4  | Entered Level 4 of the Snake Pit
 14540 | Snake:4  | Identified the +2 cloak "Efuu" {Harm rF++ Str+3 Int-4} (You
                  | found it on level 4 of the Snake Pit)
 14699 | Snake:4  | Found Min Waba's Distillery.
 14710 | Snake:4  | Bought a potion of might for 72 gold pieces
 14710 | Snake:4  | Bought a potion of haste for 180 gold pieces
 14710 | Snake:4  | Bought a potion of haste for 180 gold pieces
 14710 | Snake:4  | Bought a potion of might for 72 gold pieces
 14710 | Snake:4  | Bought a potion of flight for 54 gold pieces
 14710 | Snake:4  | Bought a potion of heal wounds for 90 gold pieces
 14710 | Snake:4  | Bought a potion of heal wounds for 90 gold pieces
 14710 | Snake:4  | Bought a potion of heal wounds for 90 gold pieces
 14710 | Snake:4  | Bought a potion of mutation for 144 gold pieces
 14898 | Snake:4  | Got a serpentine rune of Zot
 15079 | Shoals:1 | Entered Level 1 of the Shoals
 15341 | Shoals:2 | Reached XP level 17. HP: 101/162 MP: 18/18
 15380 | Shoals:2 | You fall into a shaft and drop 1 floor!
 15386 | Shoals:4 | Entered Level 4 of the Shoals
 15661 | Shoals:4 | Noticed Polyphemus
 15692 | Shoals:4 | Killed Polyphemus
 15749 | Shoals:4 | Found Dysax's Mass Market.
 15807 | Shoals:4 | Reached skill level 15 in Invocations
 15831 | Shoals:4 | Bought a +0 crystal plate armour for 1040 gold pieces
 16114 | Shoals:4 | Noticed Ilsuiw
 16125 | Shoals:4 | Killed Ilsuiw
 16172 | Shoals:4 | Got a barnacled rune of Zot
 16431 | D:11     | Cast into level 3 of the Abyss (unwielding a weapon of
                  | distortion)
 16469 | Abyss:4  | Found a corrupted altar of Lugonu.
 16618 | Abyss:5  | Entered Level 5 of the Abyss
 16645 | Abyss:5  | Lost intelligence.
 16648 | Abyss:5  | Noticed a deep elf blademaster
 16654 | Abyss:5  | Killed a deep elf blademaster
 16662 | Abyss:5  | Noticed a deep elf blademaster
 16670 | Abyss:5  | Noticed a bone dragon
 16677 | Abyss:5  | Killed a deep elf blademaster
 16677 | Abyss:5  | Gained mutation: You passively map a large area around you.
                  | [Deep Dwarf growth]
 16677 | Abyss:5  | Reached XP level 18. HP: 150/175 MP: 16/19
 16681 | Abyss:5  | Got an abyssal rune of Zot
 16693 | Abyss:5  | Killed a bone dragon
 16702 | D:11     | Escaped the Abyss
 16792 | Depths:1 | Entered Level 1 of the Depths
 16852 | Depths:2 | Found a gateway to Hell.
 16855 | Depths:2 | Reached skill level 15 in Shields
 16862 | Depths:2 | Reached skill level 15 in Armour
 16944 | Depths:3 | Noticed a lich
 16951 | Depths:3 | Killed a lich
 17116 | Depths:4 | Noticed a tentacled monstrosity
 17130 | Depths:4 | Killed a tentacled monstrosity
 17130 | Depths:4 | Reached skill level 15 in Fighting
 17140 | Depths:4 | Found Meugeomu's Gadget Emporium.
 17143 | Depths:4 | Found Bitaom Caci's Jewellery Shoppe.
 17143 | Depths:4 | Found Koiqofel's General Store.
 17158 | Depths:4 | Found Ibrexurhia's Distillery.
 17240 | Depths:5 | Entered Level 5 of the Depths
 17406 | Depths:5 | Found a gate to the Realm of Zot.
 17406 | Depths:5 | Noticed a golden dragon
 17406 | Depths:5 | Noticed a bone dragon
 17430 | Depths:5 | Killed a golden dragon
 17432 | Depths:5 | Killed a bone dragon
 17437 | Depths:5 | Reached XP level 19. HP: 188/188 MP: 18/21
 17443 | Zot:1    | Entered Level 1 of the Realm of Zot
 17771 | Zot:4    | Noticed a Killer Klown
 17784 | Zot:4    | Noticed a golden dragon
 17802 | Zot:4    | Killed a golden dragon
 17805 | Zot:4    | Noticed a golden dragon
 17820 | Zot:4    | Killed a golden dragon
 17828 | Zot:4    | Killed a Killer Klown
 17831 | Zot:4    | Noticed a golden dragon
 17847 | Zot:4    | Killed a golden dragon
 17901 | Zot:5    | Entered Level 5 of the Realm of Zot
 17927 | Zot:5    | HP: 8/193 [acid (17)]
 17933 | Zot:5    | HP: 1/193 [Orb Guardian (15)]
 17933 | Zot:5    | Mangled by an Orb Guardian

Illustrated notes

Levels and vault maps discovered:
D:1:      dpeg_arrival_boxes_within_box, layout_basic, minmay_close_crescents
D:2:      layout_loops_ring, tgw_trog, minivault_27
D:3:      layout_loops_ring, chequers_temple_overflow_statue_of_worship,
          mrwooster_statue_mirror, uniq_jessica, uniq_grinder, uniq_natasha
D:4:      layout_cave_pools
D:5:      layout_loops_corners, old_standard_altar, serial_shops,
          shop_fountains, uniq_eustachio, uniq_blork_the_orc, uniq_pikel
D:6:      layout_basic, lemuel_temple_firewalk_a, fedhas_altar_1
D:7:      layout_basic, nicolae_ru_path_of_blood, uniq_duvessa
D:8:      layout_basic, hangedman_abyss_or_decor_stabs, uniq_psyche, uniq_joseph
D:9:      layout_stronghold, nicolae_two_hexagons, minivault_4,
          hangedman_misty_isle
D:10:     layout_basic, uniq_snorg
D:11:     layout_cave_pods, lair_entry_dummy, uniq_grum
D:12:     layout_cave_pools, erik_orc_2, uniq_gastronok
D:13:     layout_rooms, erik_vaults_2, drop_trap
D:14:     layout_basic
D:15:     hangedman_depths_entry_try_elsewhere_first, layout_irregular_city
Temple:   nicolae_temple_elliptical
Lair:1:   lemuel_reptile_caves, layout_regular_city, serial_bayou_pond_a,
          chequers_serial_rivers_micro_e, infiniplex_staircase_pool
Lair:2:   layout_cave_pods
Lair:3:   layout_misc_corridors, serial_bayou_shore_a, grunt_megastairs_3,
          serial_bayou_shore_b, infiniplex_staircase_pool_2
Lair:4:   layout_cave_pods, minmay_shoals_entry_centaurs,
          minmay_snake_entry_six_corridors, uniq_rupert
Shoals:1: layout_shoals, overgrown_tower
Shoals:2: layout_shoals, uniq_donald, uniq_jorgrun
Shoals:3: layout_shoals, serial_shops, shop_fountains
Shoals:4: shoals_end_hangedman, layout_shoals, shoal_ilsuiw, minmay_shop_mass,
          uniq_polyphemus
Snake:1:  layout_onion, serial_shops, shop, guppyfry_library_mini
Snake:2:  gammafunk_sealed_library, layout_gridlike
Snake:3:  layout_rooms, st_stairs_9, uniq_vashnia
Snake:4:  johnstein_snake_rune_scales, layout_layer_cave, serial_shops,
          nicolae_shop_temple_entry_statues_fountains
Orc:1:    minmay_goldmine, layout_diamond_mine, uniq_erica, uniq_fannar,
          uniq_urug, uniq_sonja
Orc:2:    st_orc_open, layout_diamond_mine, mines4_lemuel
Depths:1: layout_gridlike, pf_hell_entry_tar_river, abyss_entry,
          minmay_misc_feat_x, minmay_misc_feat_four_crosses, minmay_holes,
          grunt_absolute_annihilation
Depths:2: hangedman_pleasuredromes, hell_entry
Depths:3: lemuel_flame_loot_2, layout_long_grid, rand_demon_pan_entry_4,
          kennysheep_boxes, grunt_hell_entry_dis_grunt, abyss_entry,
          kennysheep_another_room, minmay_gold_behind_fungi, uniq_xtahua
Depths:4: ragdoll_tomb_raider, layout_gridlike, enter_ziggurat_c, abyss_entry,
          pf_coc_iceberg, nicolae_ashenzari_panopticon, minmay_fountain_box,
          chequers_serial_rivers_small_b, infiniplex_staircase_diamond,
          minmay_shoptagon, uniq_saint_roka
Depths:5: grunt_crosshair, layout_basic, hell_entry, serial_shops, freezing_bzr
Zot:1:    layout_basic
Zot:2:    cheibrodos_zot_enchanting_chambers, layout_basic, grunt_megastairs_2
Zot:3:    layout_misc_corridors
Zot:4:    layout_cathedral_of_symmetry
Zot:5:    layout_twisted_circle, st_stairs_4, hangedman_zot_decor_tridents

Skill      XL: |  1  2  3  4  5  6  7  8  9 10 11 12 13 14 15 16 17 18 19 |
---------------+----------------------------------------------------------+-----
Axes           | 3 4 5 7 8 9 11 12 14 15 16 17 18 | 18.0
Fighting       | 3 4 5 6 7 8 9 10 11 12 14 15 17 | 17.2
Armour         | 4 5 6 7 8 9 10 11 12 13 14 16 17 | 17.0
Shields        | 4 5 6 7 8 9 10 11 12 13 14 15 | 15.0
Invocations    | 4 6 8 10 11 12 13 14 15 17 18 | 18.5
Evocations     | 2 6 8 10 | 10.0

Action                   |  1- 3 |  4- 6 |  7- 9 | 10-12 | 13-15 | 16-18 | 19-21 || total
-------------------------+-------+-------+-------+-------+-------+-------+-------++-------
Melee: War axe           |    62 |    56 |   303 |       |       |       |       ||   421
       Broad axe         |       |       |    48 |   472 |   828 |   893 |   225 ||  2466
Invok: Lesser Servant of |       |       |       |     1 |     4 |     5 |     4 ||    14
       Greater Servant o |       |       |       |       |       |     6 |       ||     6
 Abil: Heal Wounds       |     1 |     3 |    11 |    16 |    12 |     3 |    28 ||    74
Evoke: Wand              |       |       |       |     6 |       |     2 |       ||     8
       Condenser vane    |       |       |       |       |     2 |     6 |     3 ||    11
  Use: Scroll            |       |       |    14 |     8 |     9 |     6 |     6 ||    43
       Potion            |       |       |       |       |       |     3 |     5 ||     8
 Stab: Invisible         |       |       |       |     1 |       |       |    10 ||    11
       Paralysed         |       |       |       |     2 |       |       |       ||     2
       Petrified         |       |       |       |       |     9 |       |       ||     9
       Distracted        |       |       |       |       |       |     3 |     1 ||     4
Armor: Scale mail        |    26 |    44 |   125 |       |       |       |       ||   195
       Chain mail        |       |       |    53 |    59 |       |       |       ||   112
       Plate armour      |       |       |       |   243 |   758 |   242 |       ||  1243
       Skin              |       |       |       |     7 |       |       |       ||     7
       Crystal plate arm |       |       |       |       |       |   407 |    87 ||   494
       Storm dragon scal |       |       |       |       |       |       |   195 ||   195
Dodge: Dodged            |    14 |    41 |    82 |   106 |   248 |   215 |    93 ||   799
Block: Kite shield       |    36 |    43 |   201 |   293 |   611 |   605 |   217 ||  2006

Table legend: (Time is in decaauts)
 A = Elapsed time spent in this place.
 B = Non-inter-level travel time spent in this place.
 C = Inter-level travel time spent in this place.
 D = Time resting spent in this place.
 E = Time spent auto-exploring this place.
 F = Levels seen in this place.
 G = Mean time per level.
                   A        B        C        D        E       F      G
               +--------+--------+--------+--------+--------+-----+--------+
         Total |  17776 |  15711 |   2065 |     18 |  10609 |  43 |  413.4 |
       Dungeon |   9968 |   8918 |   1050 |      6 |   6587 |  15 |  664.5 |
        Temple |     80 |     43 |     37 |      0 |     41 |   1 |   80.0 |
          Lair |   2718 |   2367 |    351 |      0 |   1980 |   4 |  679.5 |
        Shoals |   1270 |   1097 |    173 |      0 |    481 |   4 |  317.5 |
     Snake Pit |   1187 |   1021 |    166 |      0 |    464 |   4 |  296.8 |
  Orcish Mines |   1253 |   1126 |    127 |      0 |    767 |   2 |  626.5 |
        Depths |    570 |    522 |     48 |      0 |    179 |   5 |  114.0 |
           Zot |    466 |    356 |    110 |     12 |      0 |   5 |   93.2 |
         Abyss |    260 |    260 |      0 |      0 |    108 |   3 |   86.7 |
               +--------+--------+--------+--------+--------+-----+--------+

Top non-repeatable levels by time:
     D:6: 1190 daAuts
  Lair:4: 1077 daAuts
     D:9: 1061 daAuts
     D:7: 967 daAuts
     D:5: 899 daAuts
    D:12: 887 daAuts
Shoals:4: 851 daAuts
    D:15: 851 daAuts
    D:14: 820 daAuts
    D:11: 788 daAuts
  Lair:2: 754 daAuts
  Lair:3: 721 daAuts
     D:8: 720 daAuts
   Orc:2: 633 daAuts
    D:10: 627 daAuts
